Map: Ruins of Endion

Players

LiquidTLO (TLO) - Winner!

  • Race: Zerg Zerg
  • League: Grandmaster

MperorM

  • Race: Terran Terran
  • League: Grandmaster

VOD

Have the link to the VOD?

Description

Time

  • Played on: July 2, 2016, 4:18 p.m.
  • Length: 10:41
Show
View Real Time Build Order
Export as new Build Order

LiquidTLO Zerg - Winner!

Build Orders: Hatch First 

Get SALT Encoding   

  12  0:01  Drone  
  13  0:12  Overlord  
  13  0:18  Drone  
  14  0:31  Drone x2  
  16  0:35  Drone  
  17  0:52  Hatchery  
  17  0:55  Drone  
  17  0:59  Drone  
  17  1:01  Extractor  
  17  1:13  Spawning Pool  
  17  1:17  Drone  
  17  1:20  Drone  
  18  1:28  Drone  
  19  1:39  Overlord  
  19  1:50  Drone  
  20  1:59  Queen  
  20  2:00  Zergling x2  
  23  2:03  Metabolic Boost  
  23  2:04  Queen  
  23  2:07  Zergling x2  
  26  2:13  Drone  
  26  2:15  Drone  
  28  2:28  Extractor, Drone  
  28  2:29  Drone  
  29  2:33  Drone  
  29  2:35  Queen  
  33  2:44  Overlord  
  33  2:46  Drone  
  33  2:49  Drone  
  35  2:57  Drone  
  35  3:02  Drone, Hatchery  
  35  3:05  Drone  
  36  3:09  Zergling x2  
  37  3:14  Overlord  
  37  3:16  Drone  
  37  3:18  Drone x2  
  41  3:20  Drone  
  41  3:25  Drone  
  41  3:26  Drone x2  
  44  3:34  Drone  
  45  3:35  Drone  
  45  3:37  Queen  
  45  3:40  Queen  
  50  3:46  Overlord  
  49  3:49  Baneling Nest  
  49  3:52  Overlord, Extractor  
  47  3:58  Overlord  
  47  4:06  Drone x2  
  47  4:08  Zergling x6  
  52  4:10  Drone  
  52  4:15  Drone  
  52  4:16  Drone  
  55  4:25  Drone  
  55  4:27  Zergling x2, Drone x2  
  55  4:28  Zergling x2  
  55  4:29  Zergling x4  
  62  4:31  Drone  
  62  4:33  Evolution Chamber  
  62  4:34  Zergling x2, Evolution Chamber  
  62  4:36  Zergling x2  
  63  4:39  Drone  
  63  4:42  Zergling x2  
  65  4:47  Zergling x2  
  65  4:48  Overlord  
  65  4:49  Overlord  
  65  4:50  Zergling x2  
  65  4:51  Drone  
  67  4:53  Drone  
  67  4:55  Spore Crawler  
  67  4:56  Spore Crawler  
  67  4:57  Spore Crawler  
  67  4:59  Zerg Melee Weapons Level 1  
  65  5:01  Drone  
  65  5:03  Drone x2  
  65  5:05  Drone  
  69  5:07  Zergling x2  
  69  5:08  Zergling x2  
  69  5:12  Zerg Ground Armor Level 1  
  72  5:14  Baneling x3  
  72  5:15  Baneling x2  
  72  5:16  Zergling x2  
  72  5:20  Baneling x3  
  73  5:23  Baneling  
  73  5:24  Zergling x4  
  73  5:25  Zergling x2  
  73  5:26  Zergling x4  
  73  5:27  Zergling x2  
  79  5:31  Zergling x2  
  79  5:33  Zergling x4  
  79  5:34  Zergling x2  
  76  5:36  Zergling x2  
  76  5:38  Zergling x6  
  76  5:40  Zergling x2  
  76  5:42  Zergling x2  
  69  5:43  Zergling x2  
  69  5:46  Zergling x4  
  69  5:47  Zergling x2  
  69  5:48  Zergling x2  
  72  5:54  Zergling x2  
  72  5:55  Zergling x2  
  72  5:57  Zergling x2  
  68  6:04  Zergling x2  
  69  6:09  Zergling x4  
  71  6:14  Zergling x2  
  71  6:17  Zergling x2  
  73  6:21  Overlord  
  73  6:24  Queen x2  
  77  6:26  Zergling x2  
  77  6:30  Zergling x2  
  76  6:33  Zergling x2  
  76  6:36  Zergling x2  
  76  6:39  Zergling x4  
  80  6:41  Zergling x2  
  80  6:46  Drone  
  80  6:50  Drone  
  80  6:52  Drone  
  80  6:53  Drone x2  
  81  6:57  Drone  
  81  7:01  Extractor, Drone, Lair  
  81  7:02  Extractor  
  81  7:03  Drone  
  81  7:05  Zergling x2  
  81  7:06  Zergling x2, Hatchery  
  81  7:07  Zergling x2  
  79  7:08  Zergling x2  
  79  7:12  Zergling x4  
  79  7:14  Zergling x2  
  82  7:18  Extractor  
  82  7:19  Drone  
  82  7:20  Zergling x2  
  82  7:21  Zergling x2  
  82  7:22  Extractor, Baneling x5  
  83  7:23  Zergling x2, Baneling x2  
  83  7:25  Zergling x2  
  85  7:30  Zergling x2  
  85  7:33  Zergling x2  
  85  7:34  Zergling x2  
  85  7:35  Zergling x2  
  85  7:36  Zergling x2  
  80  7:37  Zergling x4  
  80  7:38  Zergling x2  
  80  7:39  Zergling x2  
  80  7:40  Zergling x2  
  80  7:41  Zergling x2  
  80  7:43  Zergling x2  
  80  7:44  Zergling x2  
  87  7:47  Zergling x2  
  83  7:51  Zergling x2  
  83  7:54  Zergling x2  
  75  7:59  Zerg Ground Armor Level 2, Zerg Melee Weapons Level 2  
  75  8:03  Drone x2, Hatchery  
  75  8:04  Roach Warren  
  75  8:05  Zergling x2  
  75  8:08  Drone x2  
  75  8:09  Zergling x4  
  75  8:10  Zergling x2  
  75  8:11  Zergling x2  
  79  8:13  Zergling x4  
  79  8:15  Zergling x2  
  80  8:20  Baneling x2  
  80  8:23  Zergling x2  
  81  8:29  Drone  
  81  8:30  Drone x6  
  81  8:32  Zergling x4  
  81  8:33  Zergling x2  
  81  8:34  Zergling x6  
  89  8:35  Zergling x2  
  83  8:43  Overlord, Glial Reconstitution  
  83  8:45  Roach x2  
  83  8:46  Roach  
  83  8:47  Baneling  
  83  8:48  Baneling x3  
  88  8:57  Roach x2  
  88  8:58  Roach, Overseer  
  88  8:59  Zergling x2, Roach  
  88  9:00  Zergling x2, Baneling  
  98  9:03  Roach  
  98  9:09  Roach x2  
  104  9:10  Baneling, Ravager x2  
  104  9:13  Zergling x2  
  104  9:14  Zergling x2  
  106  9:19  Roach  
  106  9:21  Ravager x2  
  106  9:22  Zergling x2, Ravager  
  106  9:24  Zergling x2  
  109  9:25  Zergling x6  
  109  9:27  Zergling x2  
  109  9:28  Zergling x2  
  109  9:29  Zergling x2  
  111  9:32  Zergling x2  
  111  9:33  Zergling x4  
  111  9:34  Zergling x2  
  111  9:36  Zergling x2  
  111  9:37  Overseer  
  112  9:39  Zergling x2  
  112  9:40  Zergling x4  
  112  9:42  Zergling x2  
  112  9:43  Zergling x2  
  112  9:44  Zergling x2  
  118  9:51  Overlord  
  118  9:52  Overlord  
  118  9:53  Overlord  
  118  9:56  Overlord  
  117  10:00  Overlord  
  117  10:10  Overlord, Baneling  
  117  10:11  Baneling x8  
  117  10:12  Drone  
  117  10:13  Drone x3  
  118  10:15  Roach  
  115  10:21  Zergling x4  
  115  10:22  Zergling x2  
Show
View Real Time Build Order
Export as new Build Order

MperorM Terran 

Build Orders: Reaper Expand, MMM Bio 

Get SALT Encoding   

  12  0:00  SCV  
  13  0:12  SCV  
  14  0:17  Supply Depot  
  14  0:24  SCV  
  15  0:39  Barracks, SCV  
  16  0:43  Refinery  
  16  0:51  SCV  
  17  1:03  SCV  
  18  1:15  SCV  
  19  1:26  Reaper  
  19  1:27  Orbital Command  
  20  1:39  Command Center  
  20  1:49  Barracks  
  20  1:53  SCV  
  21  1:58  Barracks Reactor  
  21  2:05  SCV  
  22  2:11  Barracks  
  22  2:17  SCV  
  22  2:20  Supply Depot  
  23  2:35  Engineering Bay  
  23  2:41  Marine x2  
  23  2:42  SCV  
  26  2:51  Barracks Tech Lab, Orbital Command  
  26  2:54  SCV  
  27  2:59  Marine  
  27  3:00  Marine x2  
  30  3:06  Terran Infantry Weapons Level 1, SCV  
  30  3:09  Stimpack  
  30  3:11  Marine  
  32  3:16  SCV  
  33  3:20  SCV  
  33  3:21  Marine  
  33  3:22  Marine  
  33  3:23  Barracks Tech Lab  
  36  3:28  SCV  
  36  3:31  Supply Depot  
  36  3:34  Marine  
  36  3:35  SCV  
  36  3:40  SCV  
  39  3:42  Marine x2  
  39  3:43  Marine  
  39  3:47  SCV  
  43  3:53  SCV, Combat Shields  
  43  3:54  Marine  
  45  3:59  Marine, SCV  
  45  4:01  Marine  
  48  4:04  Refinery  
  48  4:05  SCV  
  48  4:08  Supply Depot, Marauder  
  51  4:12  Marauder  
  51  4:14  SCV  
  54  4:27  Supply Depot  
  54  4:30  Marine x2, SCV  
  57  4:32  SCV  
  57  4:33  Command Center  
  57  4:34  Marauder x2  
  62  4:42  Supply Depot  
  62  4:49  SCV x2  
  64  4:54  Marine x2  
  64  4:57  Marauder x2  
  70  5:02  SCV  
  70  5:03  Refinery  
  70  5:04  Supply Depot  
  70  5:06  Factory  
  70  5:08  SCV  
  70  5:12  Refinery  
  70  5:14  SCV  
  72  5:19  Marine x2  
  72  5:20  Marauder x2  
  78  5:25  Barracks  
  78  5:26  SCV x2  
  80  5:38  SCV  
  74  5:43  SCV  
  74  5:45  Marine  
  74  5:46  Marine, Marauder x2  
  74  5:47  Terran Infantry Armor Level 1  
  74  5:50  SCV  
  74  5:51  Supply Depot  
  74  5:55  SCV  
  63  6:00  Starport, Factory Reactor  
  63  6:02  SCV  
  61  6:04  Marine x2  
  61  6:09  SCV  
  64  6:13  Barracks Reactor  
  64  6:14  Barracks  
  64  6:16  SCV  
  64  6:19  Supply Depot  
  64  6:21  SCV  
  64  6:22  Marine x2  
  59  6:34  Marine  
  59  6:35  SCV  
  61  6:42  Marine x2  
  61  6:43  Marauder, Widow Mine x2  
  61  6:44  Medivac, SCV  
  66  6:52  Marine x3  
  66  6:53  SCV  
  59  6:54  Supply Depot  
  59  6:56  SCV  
  59  7:00  Marauder  
  52  7:05  SCV  
  50  7:09  SCV  
  50  7:11  Marine x3  
  50  7:12  Marine, Marauder, Widow Mine  
  59  7:15  Medivac  
  59  7:17  SCV  
  59  7:19  SCV  
  59  7:22  Marauder  
  65  7:27  Marine, SCV  
  67  7:32  SCV  
  67  7:34  Marine x2, Marauder  
  67  7:35  Marine x2  
  69  7:40  SCV  
  69  7:42  Marine  
  69  7:43  Widow Mine x2  
  67  7:44  Marine  
  68  7:56  SCV  
  61  8:00  SCV  
  61  8:04  Marine x2  
  61  8:05  Marine x2, Marauder  
  64  8:06  Barracks Reactor, Marauder  
  64  8:11  SCV  
  65  8:19  SCV  
  62  8:23  SCV  
  60  8:27  Marine x2  
  60  8:28  Marauder x2  
  60  8:33  SCV  
  63  8:36  SCV  
  63  8:38  Marine x2  
  63  8:45  SCV  
  63  8:48  SCV  
  65  8:49  Marauder  
  65  8:53  Engineering Bay  
  65  8:54  Factory Reactor  
  65  8:55  Marine  
  68  8:59  Armory, Orbital Command  
  68  9:03  Marine x2  
  68  9:05  Marine x2  
  68  9:09  SCV  
  73  9:21  Marine x3, Marauder  
  73  9:22  Marine, Marauder  
  74  9:31  SCV  
  74  9:38  Marine  
  66  9:40  Medivac  
  66  9:43  Marauder  
  66  9:45  SCV  
  71  9:49  Factory Tech Lab  
  71  9:52  Marine x4, SCV  
  70  9:53  Marauder  
  70  9:57  SCV  
  70  9:59  SCV  
  77  10:01  Marine x2  
  77  10:04  Marauder, SCV  
  82  10:10  Marine  
  64  10:28  SCV  
Tags
 
Add a new tag
Caveats
  • Supply blocks, unpowered buildings, or Contaminate may cause inaccurate times.
  • Supply counts are checked every 10 seconds.